 Dungeon Crawl Stone Soup version 0.23-a0-171-g5ae17c6e89 (webtiles) character file.

164662 PikkenKukken the Brawler (level 17, -1/231 HPs)
             Began as a Demonspawn Berserker on Sept 14, 2018.
             Was a High Priest of Trog.
             Slain by an eight-headed hydra (4 damage)
             ... on level 4 of the Swamp.
             The game lasted 01:05:57 (35043 turns).

PikkenKukken the Brawler (Demonspawn Berserker)    Turns: 35043, Time: 01:05:58

Health: -1/231     AC: 17    Str: 28    XL:     17   Next: 26%
Magic:  0/17       EV: 17    Int:  6    God:    Trog [*****.]
Gold:   2515       SH:  0    Dex: 24    Spells: 16/16 levels left

rFire    x . .     SeeInvis .     - Unarmed
rCold    + . .     Gourm    .   (no shield)
rNeg     . . .     Faith    .   h - +0 swamp dragon scales
rPois    +         Spirit   +   c - +2 helmet
rElec    .         Reflect  .   i - scarf {repulsion}
rCorr    .         Harm     .   (no gloves)
MR       +....                  (boots unavailable)
Stlth    ..........             C - amulet of guardian spirit
HPRegen  0.48/turn              l - ring "Kyntyull" {Ice Str+3 Int-3 Dex+7}
MPRegen  0.15/turn              L - +3 ring of slaying

@: berserking (expiring), studying Throwing, repel missiles, slow
A: talons 3, yellow scales 2, demonic guardian 2, robust 1, spiny 2
a: Berserk, Trog's Hand, Brothers in Arms, Renounce Religion


You were on level 4 of the Swamp.
You worshipped Trog.
Trog was extremely pleased with you.
You were not hungry.

You visited 5 branches of the dungeon, and saw 28 of its levels.
You also visited: Ice Cave.

You collected 3950 gold pieces.
You spent 1435 gold pieces at shops.

Inventory:

Missiles
 J - 2 poisoned javelins (quivered)
 T - 5 javelins of returning
Armour
 c - a +2 helmet (worn)
 h - +0 swamp dragon scales (worn)
 i - a scarf of repulsion (worn)
 D - a scarf of resistance
 N - a +1 plate armour of fire resistance
Jewellery
 l - the ring "Kyntyull" (left hand) {Ice Str+3 Int-3 Dex+7}
   (You found it on level 6 of the Lair of Beasts)

   [ring of ice]

   It enhances your ice magic.
   It affects your strength (+3).
   It affects your intelligence (-3).
   It affects your dexterity (+7).
   It makes you vulnerable to fire.
   It protects you from cold.
 s - a +4 ring of intelligence
 B - an uncursed ring of protection from fire
 C - an amulet of guardian spirit (around neck)
 E - a +5 amulet of reflection
 L - a +3 ring of slaying (right hand)
 Q - an uncursed ring of protection from cold
 R - an uncursed ring of protection from magic
 V - an uncursed ring of positive energy
Wands
 e - a wand of polymorph (10)
 x - a wand of random effects (20)
 z - a wand of iceblast (8)
 F - a wand of digging (7)
 G - a wand of paralysis (17)
 O - a wand of flame (27)
Scrolls
 a - 3 scrolls of identify
 d - 4 scrolls of enchant armour
 f - 5 scrolls of magic mapping
 g - 18 scrolls of remove curse
 r - 5 scrolls of fear
 v - 9 scrolls of teleportation
 y - 6 scrolls of enchant weapon
 X - 2 scrolls of blinking
Potions
 j - 8 potions of haste
 k - 5 potions of might
 m - 8 potions of flight
 n - a potion of magic
 o - 4 potions of heal wounds
 p - 2 potions of cancellation
 q - 12 potions of curing
 t - a potion of mutation
 u - a potion of invisibility
 w - 2 potions of berserk rage
 A - a potion of brilliance
 H - a potion of ambrosia
 I - a potion of agility
 P - a potion of resistance
Books
 M - a manual of Throwing
Comestibles
 b - 34 rations


   Skills:
 + Level 14.9 Fighting
 + Level 11.9 Throwing
 + Level 13.7 Armour
 - Level 6.0 Dodging
 * Level 18.4 Unarmed Combat


You had 16 spell levels left.
You didn't know any spells.
Your spell library was empty.

Dungeon Overview and Level Annotations

Branches:
Dungeon (13/15)            Temple (0/1) D:5            Lair (6/6) D:8
  Swamp (4/4) Lair:4        Snake (3/4) Lair:3        Slime (0/5) Lair:5
    Orc (2/2) D:10            Elf (0/3) Orc:2
 Vaults: D:13-14

Altars:
Dithmenos
Kikubaaqudgha
Nemelex Xobeh
Sif Muna
Xom
Beogh

Shops:
D:13 *   Orc:2 ([*:}

Portals:
Trove: D:10 (show slimy rune of Zot)

Annotations:
D:13 3 runed doors
Lair:4 exclusion: 4 oklob plants
Snake:2 1 transporter


Innate Abilities, Weirdness & Mutations

You have claws for feet.
You are mostly covered in yellow scales. (AC +3)
A demonic guardian rushes to your aid.
You are robust. (+10% HP)
You are mostly covered in sharp spines.


Message History

* * * LOW HITPOINT WARNING * * *
The eight-headed hydra bites you.
* * * LOW HITPOINT WARNING * * *
The eight-headed hydra bites you but does no damage.
The eight-headed hydra bites you!
* * * LOW HITPOINT WARNING * * *
The eight-headed hydra barely misses you.
The eight-headed hydra misses you. The eight-headed hydra bites you.
* * * LOW HITPOINT WARNING * * *
The swamp drake bites you but does no damage.
Your unstable footing causes you to fumble your attack.
Something hits the briar patch but does no damage.
Your unstable footing causes you to fumble your attack.
The eight-headed hydra is struck by your spines.
The eight-headed hydra bites you but does no damage.
The eight-headed hydra bites you!
* * * LOW HITPOINT WARNING * * *
The eight-headed hydra barely misses you.
The eight-headed hydra bites you.
You die...

≈≈≈≈≈**,,,,,*#k≈≈≈≈4≈≈♣♣ ***≈≈≈≈*
≈≈≈***,,,,,,,#♣≈.≈≈†..♣♣ **≈≈≈,,
.≈.***,,,,,,,*#♣$≈†....♣♣♣*≈≈≈,**
≈≈♣**,,,,,,,,,*♣.§..≈....♣*≈≈≈,,≈
≈≈♣#*,,,,,,,,,*#♣.≈≈.≈≈≈.♣*,≈≈≈≈,
≈≈≈#*,,,,,,,,,*#♣≈≈..≈≈≈.♣♣*≈≈,,≈
≈≈≈♣#*,,,,,,,**♣i§.≈≈≈≈≈≈.♣♣.≈,*≈
≈§≈≈♣#**,,,***#♣k≈.§≈≈≈≈≈..≈≈≈≈*≈
≈≈≈..♣#***** #♣≈@D♣≈≈≈≈≈≈≈≈≈≈≈,,≈
≈≈≈.§.♣# #♣♣P..PP♣♣..^≈≈≈≈≈≈≈≈≈
.≈.≈≈≈.♣##♣♣.≈.♣♣≈♣♣♣..≈≈≈≈≈≈≈,≈*
♣♣§...≈..♣≈≈§♣♣♣≈3.♣♣♣≈≈≈≈≈§≈.≈**
≈♣♣.≈..PP≈.♣♣* ♣♣P♣♣♣♣..≈≈≈≈≈♣**
♣...≈.§PP≈.♣♣♣♣♣♣♣♣♣♣≈≈♣≈≈≈≈..,*
.≈..♣♣♣♣P....≈≈.≈≈.♣♣≈♣♣≈.≈♣.≈≈**
≈.♣♣♣ ♣♣♣♣..≈≈.≈≈....≈♣♣♣♣♣,.***
≈≈≈♣ ♣♣♣....≈.≈≈.≈≈.♣*,≈≈,**


You could see an eight-headed hydra, a spriggan druid (confused), a swamp drake
and a friendly sixfirhy (confused).

Vanquished Creatures
  Vashnia (Snake:1)
  Asterion (Snake:2)
  3 thorn hunters
  2 nagarajas
  An orc warlord (Orc:2)
  The ghost of MeekVeins the Fighter, a journeyman KoHu of Uskayaw (Lair:6)
  4 naga warriors (Snake:3)
  2 shambling mangroves (Swamp:2)
  8 hydras
  5 ghost crabs (Swamp:1)
  A centaur warrior (D:12)
  5 anacondas
  A catoblepas (D:10)
  A two-headed ogre (D:12)
  A death knight (D:12)
  9 death yaks
  11 alligators
  Sonja (Lair:3)
  4 orc high priests
  2 shock serpents (Snake:1)
  8 naga sharpshooters
  3 salamander mystics
  2 sea snakes (Snake:3)
  4 spriggan druids
  5 swamp dragons
  A lindwurm (Lair:5)
  2 naga ritualists (Snake:3)
  An orc knight (Orc:2)
  4 ugly things (D:13)
  A cyclops (Orc:1)
  13 slime creatures
  5 mana vipers
  2 orc sorcerers (Orc:2)
  14 elephants
  Maurice (D:11)
  11 salamanders
  2 guardian serpents
  2 manticores
  13 black mambas
  An ice statue (IceCv)
  9 naga magi
  5 apocalypse crabs (Swamp:1)
  A centaur zombie (D:11)
  22 spiny frogs
  A rime drake (Lair:4)
  2 freezing wraiths (D:12)
  9 komodo dragons
  5 trolls
  6 tyrant leeches
  12 hornets
  12 polar bears
  Prince Ribbit (D:5)
  5 blink frogs
  A dream sheep (Lair:6)
  8 bog bodies
  11 hippogriffs
  3 shadows
  2 wraiths (D:12)
  42 yaks
  17 spriggans
  5 wyverns
  A hog (D:12)
  12 vampire mosquitoes
  2 hungry ghosts
  4 wargs
  18 nagas
  18 swamp worms
  2 acid dragons
  10 insubstantial wisps
  12 water moccasins
  10 porcupines
  5 sky beasts
  Duvessa (D:5)
  5 swamp drakes
  5 black bears
  26 orc warriors
  An ice beast (D:9)
  2 phantoms
  A black bear (shapeshifter) (D:12)
  An eye of draining (D:12)
  14 ogres
  29 wolves
  11 crocodiles
  5 boggarts (Lair:6)
  11 centaurs
  4 big kobolds
  16 bullfrogs
  Dowan (D:5)
  A wyvern skeleton (D:11)
  2 scorpions
  5 killer bees (D:9)
  3 wights (D:10)
  An electric eel (Lair:6)
  9 crimson imps
  6 howler monkeys
  A bullfrog zombie (D:6)
  A quasit (D:10)
  20 orc priests
  2 bullfrog skeletons (D:12)
  4 hounds
  7 jellies
  20 orc wizards
  Jessica (D:2)
  A gnoll shaman (D:6)
  6 iguanas
  11 worker ants
  3 hell rats
  2 hound skeletons
  11 adders
  5 gnolls
  2 howler monkey skeletons
  12 river rats (Lair:3)
  A shadow imp (D:9)
  7 white imps (Lair:4)
  3 adder skeletons
  A worm (D:2)
  A dart slug (D:1)
  7 leopard geckos
  62 orcs
  7 bats
  12 giant cockroaches
  9 goblins
  11 hobgoblins
  3 jackals (D:6)
  12 quokkas
  4 ball pythons
  3 frilled lizards
  28 kobolds
  A leopard gecko skeleton (D:5)
  A leopard gecko zombie (D:5)
  2 quokka skeletons (D:4)
  19 rats
  A briar patch (Swamp:4)
896 creatures vanquished.

Vanquished Creatures (collateral kills)
  A tentacled monstrosity (Swamp:3)
  Kirke (D:12)
  A frost giant (IceCv)
  Nessos (D:13)
  2 hydras
  A shambling mangrove (Swamp:3)
  An anaconda (Snake:3)
  An alligator (Swamp:3)
  7 death yaks
  2 two-headed ogres
  A naga sharpshooter (Snake:3)
  An orc high priest (Orc:2)
  A salamander mystic (Snake:2)
  2 orc knights (Orc:2)
  A phantasmal warrior (D:12)
  2 orc sorcerers (Orc:2)
  A cyclops (D:10)
  2 salamanders (Snake:2)
  A manticore (D:10)
  8 elephants
  A naga mage (Snake:1)
  A komodo dragon (D:8)
  2 spiny frogs (Lair:4)
  2 hornets (Lair:6)
  7 polar bears
  4 hippogriffs
  3 blink frogs (Lair:1)
  A wyvern (D:8)
  4 spriggans (Lair:6)
  A basilisk (Lair:1)
  15 yaks
  A hog (D:12)
  2 vampire mosquitoes (Lair:6)
  2 swamp worms
  2 nagas
  A water moccasin (Lair:1)
  A swamp drake (Swamp:2)
  10 orc warriors
  A phantom (D:4)
  An ogre (D:8)
  4 wolves (Lair:6)
  2 bullfrogs (Lair:4)
  Blork the orc (D:5)
  An electric eel (Lair:4)
  A quasit (D:6)
  7 orc priests
  2 orc wizards (Orc:2)
  2 worker ants
  A worker ant zombie (D:10)
  5 white imps (Lair:4)
  14 orcs
  3 briar patches
143 creatures vanquished.

Vanquished Creatures (others)
  A polar bear (IceCv)
  5 wolves (IceCv)
  A centaur (D:12)
  A briar patch (Swamp:3)
  22 fungi
  27 plants
57 creatures vanquished.

Grand Total: 1096 creatures vanquished

Notes
Turn   | Place    | Note
-------+----------+-------------------------------------------
     0 | D:1      | PikkenKukken the Demonspawn Berserker began the quest for
                  | the Orb.
     0 | D:1      | Reached XP level 1. HP: 18/18 MP: 1/1
    62 | D:1      | HP: 1/27 [kobold/short sword (3)]
   370 | D:1      | Gained mutation: You are partially covered in yellow
                  | scales. (AC +2) [demonic ancestry]
   370 | D:1      | Reached XP level 2. HP: 17/24 MP: 2/2
   582 | D:1      | Reached skill level 3 in Unarmed Combat
   950 | D:2      | Reached XP level 3. HP: 24/29 MP: 3/3
  1066 | D:2      | Reached ** piety under Trog
  1563 | D:2      | Reached XP level 4. HP: 32/35 MP: 4/4
  1644 | D:2      | Noticed Jessica
  1649 | D:2      | Killed Jessica
  1953 | D:2      | Got a translucent quarterstaff {speed}
  1954 | D:2      | Identified the cursed +1 quarterstaff of Destiny {speed,
                  | rC+} (You took it off a goblin on level 2 of the Dungeon)
  2159 | D:2      | Gained mutation: A weak demonic guardian rushes to your
                  | aid. [demonic ancestry]
  2159 | D:2      | Reached XP level 5. HP: 41/41 MP: 5/5
  2381 | D:3      | Reached skill level 4 in Unarmed Combat
  2511 | D:3      | Reached *** piety under Trog
  3141 | D:4      | Noticed a phantom
  3150 | D:4      | Killed a phantom
  3150 | D:4      | Reached XP level 6. HP: 48/48 MP: 6/6
  3596 | D:5      | Entered Level 5 of the Dungeon
  3709 | D:5      | Reached skill level 5 in Unarmed Combat
  3766 | D:5      | Noticed Blork the orc
  3775 | D:5      | Killed Blork the orc
  3775 | D:5      | Gained mutation: You are partially covered in sharp spines.
                  | [demonic ancestry]
  3775 | D:5      | Reached XP level 7. HP: 55/55 MP: 7/7
  3861 | D:5      | HP: 2/55 [poisoned by an orc priest]
  3869 | D:5      | HP: 2/55 [poisoned by an orc priest]
  4216 | D:5      | Noticed Prince Ribbit
  4229 | D:5      | Killed Prince Ribbit
  4273 | D:5      | Found a staircase to the Ecumenical Temple.
  4425 | D:5      | Noticed Duvessa
  4426 | D:5      | Noticed Dowan
  4434 | D:5      | Killed Duvessa
  4434 | D:5      | Reached skill level 5 in Fighting
  4437 | D:5      | Killed Dowan
  4437 | D:5      | Reached skill level 6 in Unarmed Combat
  4437 | D:5      | Gained mutation: A demonic guardian rushes to your aid.
                  | [demonic ancestry]
  4437 | D:5      | Reached XP level 8. HP: 62/62 MP: 8/8
  5182 | D:6      | Reached **** piety under Trog
  5564 | D:6      | Reached skill level 7 in Unarmed Combat
  5742 | D:6      | Found a shadowy altar of Dithmenos.
  5847 | D:6      | Reached skill level 5 in Armour
  5860 | D:6      | Received a gift from Trog
  5860 | D:6      | Reached skill level 5 in Dodging
  5862 | D:6      | Gained mutation: You have sharp toenails. [demonic
                  | ancestry]
  5862 | D:6      | Reached XP level 9. HP: 58/69 MP: 9/9
  7102 | D:8      | Found a staircase to the Lair.
  7103 | D:8      | Noticed a komodo dragon
  7215 | D:8      | Reached skill level 8 in Unarmed Combat
  7244 | D:8      | Found a shimmering altar of Xom.
  7695 | D:8      | Killed a komodo dragon
  8111 | D:9      | Reached XP level 10. HP: 75/79 MP: 10/10
  8427 | D:9      | Reached skill level 9 in Unarmed Combat
  8433 | D:9      | Noticed a manticore
  8444 | D:9      | Killed a manticore
  8554 | D:9      | Reached ***** piety under Trog
  9035 | D:10     | Entered Level 10 of the Dungeon
  9035 | D:10     | Noticed a catoblepas
  9035 | D:10     | Noticed a manticore
  9180 | D:10     | Noticed a cyclops
  9187 | D:10     | Killed a cyclops
  9363 | D:10     | Found a portal to a secret trove of treasure.
  9383 | D:10     | Noticed a two-headed ogre
  9390 | D:10     | Killed a two-headed ogre
  9390 | D:10     | Received a gift from Trog
  9390 | D:10     | Reached skill level 10 in Unarmed Combat
  9414 | D:10     | Identified a scroll of acquirement
  9603 | D:10     | Killed a catoblepas
  9766 | D:10     | Killed a manticore
  9982 | D:10     | Found a staircase to the Orcish Mines.
 10281 | Lair:1   | Entered Level 1 of the Lair of Beasts
 10282 | Lair:1   | Found an ancient bone altar of Kikubaaqudgha.
 10286 | Lair:1   | Noticed an elephant
 10294 | Lair:1   | Gained mutation: You have razor-sharp toenails. [demonic
                  | ancestry]
 10294 | Lair:1   | Reached XP level 11. HP: 57/87 MP: 6/11
 10548 | Lair:1   | Reached skill level 11 in Unarmed Combat
 11460 | Lair:2   | Noticed an eight-headed hydra
 11460 | Lair:2   | Noticed a six-headed hydra
 11466 | Lair:2   | Killed an eight-headed hydra
 11469 | Lair:2   | Killed a six-headed hydra
 11741 | Lair:2   | Reached skill level 12 in Unarmed Combat
 11833 | Lair:2   | Noticed a four-headed hydra
 11837 | Lair:2   | Killed a four-headed hydra
 11930 | Lair:2   | Reached XP level 12. HP: 91/97 MP: 10/12
 12427 | Lair:3   | Reached skill level 10 in Fighting
 12449 | Lair:3   | Found a staircase to the Snake Pit.
 12524 | Lair:3   | Noticed Sonja
 12546 | Lair:3   | Killed Sonja
 13621 | Lair:3   | You fall through a shaft for 2 floors!
 13676 | Lair:4   | Noticed a death yak
 13676 | Lair:4   | Noticed a death yak
 13676 | Lair:4   | Noticed a death yak
 13676 | Lair:4   | Noticed a death yak
 13676 | Lair:4   | Noticed a death yak
 13684 | Lair:4   | Killed a death yak
 13686 | Lair:4   | Killed a death yak
 13693 | Lair:4   | Killed a death yak
 13693 | Lair:4   | Reached skill level 13 in Unarmed Combat
 13697 | Lair:4   | Killed a death yak
 13709 | Lair:4   | Killed a death yak
 13710 | Lair:4   | Found a frozen archway.
 13936 | IceCv    | Entered an ice cave
 13943 | IceCv    | Received a gift from Trog
 14444 | IceCv    | Reached skill level 10 in Armour
 14652 | IceCv    | Gained mutation: You are mostly covered in sharp spines.
                  | [demonic ancestry]
 14652 | IceCv    | Reached XP level 13. HP: 77/106 MP: 10/13
 14981 | IceCv    | Noticed a frost giant
 14996 | IceCv    | Killed a frost giant
 15002 | IceCv    | Reached skill level 14 in Unarmed Combat
 16140 | Lair:4   | Found a staircase to the Swamp.
 17088 | Lair:5   | Found a staircase to the Slime Pits.
 17405 | Lair:6   | Entered Level 6 of the Lair of Beasts
 17507 | Lair:6   | Got a transparent platinum ring
 17509 | Lair:6   | Identified the ring "Kyntyull" {Ice Str+3 Int-3 Dex+7} (You
                  | found it on level 6 of the Lair of Beasts)
 17566 | Lair:6   | Reached skill level 15 in Unarmed Combat
 17763 | Lair:6   | Gained mutation: You are mostly covered in yellow scales.
                  | (AC +3) [demonic ancestry]
 17763 | Lair:6   | Reached XP level 14. HP: 115/115 MP: 10/14
 17977 | Lair:6   | Received a gift from Trog
 18217 | Lair:6   | Got a pitted fustibalus
 18218 | Lair:6   | Identified the +10 fustibalus "Ifaris" {velocity, *Slow
                  | Str+6} (You found it on level 6 of the Lair of Beasts)
 18530 | Lair:6   | Paralysed by a hornet for 3 turns
 18840 | Lair:6   | Found a runed door.
 18842 | Lair:6   | Noticed MeekVeins's ghost (journeyman KoHu)
 18871 | Lair:6   | Killed MeekVeins's ghost
 19418 | Orc:1    | Entered Level 1 of the Orcish Mines
 19435 | Orc:1    | Found a roughly hewn altar of Beogh.
 19471 | Orc:1    | Received a gift from Trog
 19706 | Orc:2    | Entered Level 2 of the Orcish Mines
 19710 | Orc:2    | Reached skill level 16 in Unarmed Combat
 19835 | Orc:2    | Found Edueb's Gadget Emporium.
 19962 | Orc:2    | Found a staircase to the Elven Halls.
 20113 | Orc:1    | Received a gift from Trog
 21015 | Orc:2    | Noticed an orc warlord
 21022 | Orc:2    | Killed an orc warlord
 21050 | Orc:2    | Received a gift from Trog
 21269 | Orc:2    | Found Anerun's Antique Armour Shop.
 21270 | Orc:2    | Found Zumaenk's Antique Weapon Boutique.
 21271 | Orc:2    | Found Bial's General Store.
 21271 | Orc:2    | Found Hoedaz's Book Shop.
 21296 | Orc:2    | Bought a manual of Throwing for 1435 gold pieces
 21738 | D:11     | Reached XP level 15. HP: 108/124 MP: 13/15
 21833 | D:11     | Noticed Maurice
 21839 | D:11     | Reached skill level 1 in Throwing
 21842 | D:11     | Killed Maurice
 22915 | D:12     | Noticed Kirke
 22923 | D:12     | Killed Kirke
 23496 | D:12     | Received a gift from Trog
 23556 | D:13     | Found Kisuat's Assorted Antiques.
 23738 | D:13     | Noticed Nessos
 23748 | D:13     | Killed Nessos
 23975 | D:13     | Reached skill level 5 in Throwing
 24042 | D:13     | Found a runed gate.
 24042 | D:13     | Found a runed gate.
 24042 | D:13     | Found a runed gate.
 24777 | Swamp:1  | Entered Level 1 of the Swamp
 24783 | Swamp:1  | Found a runed door.
 26164 | Swamp:1  | Reached skill level 17 in Unarmed Combat
 26595 | Swamp:1  | Received a gift from Trog
 26916 | Swamp:1  | Got a twisted scale mail
 26927 | Swamp:1  | Identified the cursed +0 scale mail "Quw Meup" {rPois Int+4
                  | Stlth+} (You found it on level 1 of the Swamp)
 27454 | Swamp:2  | Found a sparkling altar of Nemelex Xobeh.
 27890 | Swamp:2  | Gained mutation: You have claws for feet. [demonic
                  | ancestry]
 27890 | Swamp:2  | Reached XP level 16. HP: 132/132 MP: 16/16
 28191 | Swamp:3  | Noticed a thorn hunter
 28197 | Swamp:3  | Killed a thorn hunter
 28197 | Swamp:3  | Received a gift from Trog
 28199 | Swamp:3  | Noticed a thorn hunter
 28214 | Swamp:3  | Killed a thorn hunter
 29122 | Swamp:3  | Reached skill level 10 in Throwing
 29455 | Swamp:3  | Received a gift from Trog
 29542 | Swamp:3  | Noticed a tentacled monstrosity
 29563 | Swamp:3  | Killed a tentacled monstrosity
 30068 | Snake:1  | Entered Level 1 of the Snake Pit
 30738 | Snake:1  | You fall through a shaft!
 30971 | Snake:2  | Noticed Asterion
 30985 | Snake:2  | Killed Asterion
 31252 | Snake:1  | Received a gift from Trog
 31957 | Snake:2  | Found a transporter.
 31962 | Snake:2  | Found a deep blue altar of Sif Muna.
 32003 | Snake:2  | Noticed Vashnia
 32041 | Snake:1  | Killed Vashnia
 32041 | Snake:1  | Reached skill level 18 in Unarmed Combat
 33213 | Snake:3  | Received a gift from Trog
 33233 | Snake:3  | Gained mutation: You are robust. (+10% HP) [demonic
                  | ancestry]
 33233 | Snake:3  | Reached XP level 17. HP: 79/154 MP: 12/17
 33536 | Snake:3  | Received a gift from Trog
 34587 | Swamp:4  | Entered Level 4 of the Swamp
 35041 | Swamp:4  | HP: 11/231 [eight-headed hydra (8)]
 35043 | Swamp:4  | HP: 3/231 [eight-headed hydra (8)]
 35043 | Swamp:4  | Slain by an eight-headed hydra

Vault maps used:
D:1:      scummos_arrival_simple_fountains
D:2:      kb_forest_paths, first_ration, minmay_pentomino_q4, uniq_jessica
D:3:      minmay_misc_feat_plants, kennysheep_nondescript
D:4:      kennysheep_generic_room_13
D:5:      minmay_temple_entry_large_hall, uniq_prince_ribbit1, uniq_duvessa,
          uniq_blork_the_orc
D:6:      nicolae_dithmenos_through_a_glass_darkly, minmay_joined_circles
D:8:      david_lair_shrubbed, basic_altar
D:9:      the_bakery
D:10:     nzn_motion_control, david_orc_4, nicolae_trove_entry_free_sample
D:11:     uniq_maurice
D:12:     uniq_kirke
D:13:     ploomutoo_gammafunk_ghost_potion_laboratory, serial_shops,
          nicolae_shop_overgrown_old_shop, minmay_unpleasant_kobolds,
          uniq_nessos
Lair:1:   wad_woods_stonehenge, grunt_forest_large_clearing_hut,
          infiniplex_staircase_pool
Lair:2:   beast_lair_carwin_9
Lair:3:   lemuel_ratsnest, minmay_snake_entry_guardpost_small,
          eino_small_chamber_without_monster, lemuel_fruit_fields, uniq_sonja
Lair:4:   nicolae_swamp_entry_splash_gauntlet, portal_ice_cave_entry_imps,
          minmay_lair_oklob_chamber
Lair:5:   dpeg_slime_entry_corner, grunt_megastairs_5
Lair:6:   minmay_lair_end_enchanted_forest, ebering_ghost_funeral_grove,
          serial_bayou_ford_a, pond, serial_bayou_shore_b
Swamp:1:  gammafunk_mikee_crab_dinner, evilmike_swamp_ruin_house_6
Swamp:2:  basic_altar, swamp_pool1
Swamp:3:  cheibrodos_swamp_monstrosity, evilmike_swamp_ruin_house_5
Swamp:4:  swamp
Snake:2:  gammafunk_sealed_library, serial_shops,
          nicolae_shop_overgrown_old_shop, uniq_asterion, uniq_vashnia
Snake:3:  guppyfry_snake_island
Orc:1:    basic_altar
Orc:2:    st_orc_congregation, serial_shops, nicolae_shop_stone
IceCv:    ice_cave_caverns_02

Skill      XL: |  1  2  3  4  5  6  7  8  9 10 11 12 13 14 15 16 |
---------------+-------------------------------------------------+-----
Dodging        | 2 3 4 5 6 |  6.0
Armour         | 2 3 4 5 6 7 8 10 11 12 13 | 13.7
Unarmed Combat | 3 4 5 6 7 8 10 12 13 15 16 17 18 | 18.4
Fighting       | 4 5 6 7 8 9 11 12 13 14 | 14.9
Throwing       | 8 11 | 11.9

Action                   |  1- 3 |  4- 6 |  7- 9 | 10-12 | 13-15 | 16-18 || total
-------------------------+-------+-------+-------+-------+-------+-------++-------
Melee: Unarmed           |   167 |   136 |   290 |   523 |   952 |   412 ||  2480
       Punch             |     3 |     7 |     9 |    18 |    83 |    51 ||   171
       Quarterstaff      |       |    93 |       |       |       |       ||    93
       Kick              |       |       |    44 |   197 |   451 |   224 ||   916
Throw: Javelin           |       |       |       |       |    37 |    16 ||    53
Invok: Berserk           |     1 |     4 |     2 |     8 |    18 |     5 ||    38
       Trog's Hand       |       |       |       |     1 |     5 |     1 ||     7
       Brothers in Arms  |       |       |       |     1 |    11 |     4 ||    16
Evoke: Wand              |       |       |       |     6 |     4 |       ||    10
  Use: Scroll            |     3 |    13 |     1 |    10 |     9 |     4 ||    40
       Potion            |       |       |       |     2 |     2 |       ||     4
 Stab: Distracted        |       |       |     1 |     1 |     7 |     2 ||    11
       Confused          |       |       |       |       |     1 |     1 ||     2
  Eat: Chunk             |     3 |     7 |    19 |    22 |    42 |     2 ||    95
       Ration            |       |     1 |       |     2 |     9 |     7 ||    19
Armor: Animal skin       |     8 |       |       |       |       |       ||     8
       Ring mail         |    57 |    82 |    51 |       |       |       ||   190
       Chain mail        |       |       |    61 |       |       |       ||    61
       Plate armour      |       |       |     7 |   269 |   500 |       ||   776
       Scale mail        |       |       |       |       |    14 |    19 ||    33
       Swamp dragon scal |       |       |       |       |       |    82 ||    82
Dodge: Dodged            |    96 |   123 |   151 |   290 |   472 |   230 ||  1362
       Deflected         |       |     1 |     1 |       |       |    45 ||    47

Table legend:
 A = Non-vault XP
 B = Vault XP
 C = Vault XP percentage of total XP
 D = Non-vault monster count
 E = Vault monster count
 F = Vault count percentage of total count
                 A         B        C        D         E       F
            +---------+---------+-------+---------+---------+-------
      Total |  160605 |   74627 |  31.7 |     681 |     354 |  34.2
            +---------+---------+-------+---------+---------+-------
        D:1 |      38 |       0 |   0.0 |      21 |       0 |   0.0
        D:2 |      88 |      80 |  47.6 |      29 |      10 |  25.6
        D:3 |     144 |       0 |   0.0 |      22 |       0 |   0.0
        D:4 |     274 |       0 |   0.0 |       9 |       0 |   0.0
        D:5 |     342 |     554 |  61.8 |      20 |       4 |  16.7
        D:6 |    1014 |     353 |  25.8 |      25 |       6 |  19.4
        D:7 |     315 |       0 |   0.0 |       6 |       0 |   0.0
        D:8 |    1155 |     639 |  35.6 |      15 |       3 |  16.7
        D:9 |    1797 |     205 |  10.2 |      27 |       1 |   3.6
       D:10 |    2612 |    1491 |  36.3 |      28 |      16 |  36.4
       D:11 |    3427 |     493 |  12.6 |      26 |       1 |   3.7
       D:12 |    6696 |    2078 |  23.7 |      45 |       3 |   6.2
       D:13 |    7595 |    2611 |  25.6 |      28 |      32 |  53.3
     Lair:1 |    2634 |    1747 |  39.9 |      17 |       8 |  32.0
     Lair:2 |    6727 |     641 |   8.7 |      22 |       4 |  15.4
     Lair:3 |    2403 |    2109 |  46.7 |      14 |      38 |  73.1
     Lair:4 |   10767 |    1239 |  10.3 |      31 |      21 |  40.4
     Lair:5 |    6772 |    1360 |  16.7 |      17 |       5 |  22.7
     Lair:6 |   17493 |   11830 |  40.3 |      54 |      56 |  50.9
    Swamp:1 |    8508 |    9168 |  51.9 |      20 |      13 |  39.4
    Swamp:2 |   12521 |       0 |   0.0 |      29 |       0 |   0.0
    Swamp:3 |   16272 |    1518 |   8.5 |      37 |       1 |   2.6
    Swamp:4 |    2959 |    4519 |  60.4 |      10 |       8 |  44.4
    Snake:1 |   10689 |    4544 |  29.8 |      20 |       1 |   4.8
    Snake:2 |    9264 |    5693 |  38.1 |      24 |       5 |  17.2
    Snake:3 |   21907 |    2551 |  10.4 |      36 |       4 |  10.0
      Orc:1 |    2786 |       0 |   0.0 |      22 |       0 |   0.0
      Orc:2 |    3406 |    8730 |  71.9 |      27 |      65 |  70.7
      IceCv |       0 |   10474 | 100.0 |       0 |      49 | 100.0
            +---------+---------+-------+---------+---------+-------
